PAA
PHOENIX HOTSPUR YOUTH @ MARQUETTE MINERS
08/09/2033
 
TOP OF THE 1ST
Phoenix Hotspur Youth batting - Pitching for Marquette Miners : LHP Devin Gaines
Pitching: LHP Devin Gaines
Batting: LHB Phil Mazzeo 0-0: Ball
1-0: Called Strike
1-1: Called Strike
1-2: Foul Ball, location: 2F
1-2: Foul Ball, location: 2F
1-2: Strikes out swinging
Batting: RHB Bill Erickson 0-0: Called Strike
0-1: Ball
1-1: SINGLE (Groundball, 6D)
Batting: RHB Bernardo Rivera 0-0: Ball
1-0: Ball
2-0: Called Strike
2-1: Foul Ball, location: 2F
2-2: SINGLE (Line Drive, 34D)
Bill Erickson to second
Batting: RHB Braylen Sampson 0-0: Foul Ball, location: 2F
0-1: Foul Ball, location: 2F
0-2: Fly out, F5 (Line Drive, 5L)
Batting: RHB Bill Poole 0-0: Called Strike
0-1: Swinging Strike
0-2: Ball
1-2: Foul Ball, location: 2F
1-2: Ball
2-2: Foul Ball, location: 2F
2-2: Foul Ball, location: 2F
2-2: Ball
3-2: Ground out 5-3 (Groundball, 56S)
Top of the 1st over - 0 runs, 2 hits, 0 errors, 2 left on base; Phoenix Hotspur 0 - Marquette 0
BOTTOM OF THE 1ST
Marquette Miners batting - Pitching for Phoenix Hotspur Youth : LHP Habakkuk Baldonado
Pitching: LHP Habakkuk Baldonado
Batting: RHB Sameen Shaw 0-0: Swinging Strike
0-1: Swinging Strike
0-2: SINGLE (Flyball, 34D)
Batting: RHB Asko Riikonen 0-0: Ball
1-0: Fly out, F9 (Flyball, 89S)
Pitching: LHP Cameron Roberts
Batting: RHB Brock Dean 0-0: Grounds into double play, 5-4-3 (Groundball, 5L)
Bottom of the 1st over - 0 runs, 1 hit, 0 errors, 0 left on base; Phoenix Hotspur 0 - Marquette 0
TOP OF THE 2ND
Phoenix Hotspur Youth batting - Pitching for Marquette Miners : LHP Devin Gaines
Batting: LHB Damian Alldred 0-0: Called Strike
0-1: Called Strike
0-2: SINGLE (Line Drive, 34D)
Batting: LHB Carlos Rodríguez 0-0: Called Strike
0-1: Foul Ball, location: 2F
0-2: Ball
1-2: Fly out, F8 (Flyball, 8RD)
Batting: LHB Malibok Herreria 0-0: Called Strike
0-1: Foul Ball, location: 2F
0-2: Strikes out looking
Batting: LHB Joseph Antoine 0-0: Swinging Strike
0-1: Called Strike
0-2: Ball
1-2: Strikes out looking
Top of the 2nd over - 0 runs, 1 hit, 0 errors, 1 left on base; Phoenix Hotspur 0 - Marquette 0
BOTTOM OF THE 2ND
Marquette Miners batting - Pitching for Phoenix Hotspur Youth : LHP Cameron Roberts
Batting: RHB Franklin Kelley 0-0: Foul Ball, location: 2F
0-1: Ball
1-1: Called Strike
1-2: Strikes out swinging
Batting: RHB Eli Cline 0-0: Ball
1-0: Ball
2-0: Ball
3-0: Base on Balls
Batting: RHB Andrew Cantrell 0-0: Called Strike
0-1: Ball
1-1: DOUBLE (Line Drive, 7LM)
Eli Cline to third
Batting: RHB Mark Keys 0-0: Ball
1-0: Called Strike
1-1: Swinging Strike
1-2: Ground out 6-3 (Groundball, 6S)
Eli Cline scores
Andrew Cantrell to third
Batting: RHB Ryan French 0-0: Ball
1-0: Swinging Strike
1-1: Swinging Strike
1-2: Strikes out swinging
Bottom of the 2nd over - 1 run, 1 hit, 0 errors, 1 left on base; Phoenix Hotspur 0 - Marquette 1
TOP OF THE 3RD
Phoenix Hotspur Youth batting - Pitching for Marquette Miners : LHP Devin Gaines
Batting: LHB Phil Mazzeo 0-0: Ball
1-0: Ball
2-0: SINGLE (Groundball, 3S) (infield hit)
Batting: RHB Bill Erickson 0-0: Foul Ball, location: 2F
0-1: Ball
1-1: Ball
2-1: Grounds into double play, 6-4-3 (Groundball, 6)
Batting: RHB Bernardo Rivera 0-0: Ground out U3 (Groundball, 34)
Top of the 3rd over - 0 runs, 1 hit, 0 errors, 0 left on base; Phoenix Hotspur 0 - Marquette 1
BOTTOM OF THE 3RD
Marquette Miners batting - Pitching for Phoenix Hotspur Youth : LHP Cameron Roberts
Batting: RHB Miguel Angel Montaño 0-0: Ball
1-0: Ground out 6-3 (Groundball, 6)
Batting: RHB Sameen Shaw 0-0: Ball
1-0: Called Strike
1-1: Reached on error, E4 (Groundball, 4)
Batting: RHB Asko Riikonen 0-0: Ball
1-0: Fly out, F9 (Line Drive, 9S)
Batting: RHB Brock Dean 0-0: Called Strike
0-1: Ball
1-1: Fly out, F7 (Line Drive, 7D)
Bottom of the 3rd over - 0 runs, 0 hits, 1 error, 1 left on base; Phoenix Hotspur 0 - Marquette 1
TOP OF THE 4TH
Phoenix Hotspur Youth batting - Pitching for Marquette Miners : LHP Devin Gaines
Batting: RHB Braylen Sampson 0-0: Ball
1-0: Ground out 5-3 (Groundball, 56)
Batting: RHB Bill Poole 0-0: Ball
1-0: Swinging Strike
1-1: Ball
2-1: Called Strike
2-2: Ball
3-2: Foul Ball, location: 2F
3-2: Base on Balls
Batting: LHB Damian Alldred 0-0: Foul Ball, location: 2F
0-1: Grounds into double play, 5-4-3 (Groundball, 56D)
Top of the 4th over - 0 runs, 0 hits, 0 errors, 0 left on base; Phoenix Hotspur 0 - Marquette 1
BOTTOM OF THE 4TH
Marquette Miners batting - Pitching for Phoenix Hotspur Youth : LHP Cameron Roberts
Batting: RHB Franklin Kelley 0-0: Called Strike
0-1: Ball
1-1: Swinging Strike
1-2: Ball
2-2: Ball
3-2: Ground out 6-3 (Groundball, 6)
Batting: RHB Eli Cline 0-0: Ball
1-0: Swinging Strike
1-1: Ground out 6-3 (Groundball, 6)
Batting: RHB Andrew Cantrell 0-0: Ball
1-0: Foul Ball, location: 2F
1-1: Swinging Strike
1-2: Foul Ball, location: 2F
1-2: Ball
2-2: Strikes out swinging
Bottom of the 4th over - 0 runs, 0 hits, 0 errors, 0 left on base; Phoenix Hotspur 0 - Marquette 1
TOP OF THE 5TH
Phoenix Hotspur Youth batting - Pitching for Marquette Miners : LHP Devin Gaines
Batting: LHB Carlos Rodríguez 0-0: Called Strike
0-1: Called Strike
0-2: Ball
1-2: Foul Ball, location: 2F
1-2: Ball
2-2: Foul Ball, location: 2F
2-2: Ball
3-2: Strikes out looking
Batting: LHB Malibok Herreria 0-0: Ball
1-0: Ground out 5-3 (Groundball, 5S)
Batting: LHB Joseph Antoine 0-0: Ground out 4-3 (Groundball, 4)
Top of the 5th over - 0 runs, 0 hits, 0 errors, 0 left on base; Phoenix Hotspur 0 - Marquette 1
BOTTOM OF THE 5TH
Marquette Miners batting - Pitching for Phoenix Hotspur Youth : LHP Cameron Roberts
Batting: RHB Mark Keys 0-0: Ball
1-0: Ball
2-0: Swinging Strike
2-1: Swinging Strike
2-2: Ball
3-2: Fly out, F9 (Flyball, 89M)
Batting: RHB Ryan French 0-0: Foul Ball, location: 2F
0-1: Fly out, F4 (Popup, 4)
Batting: RHB Miguel Angel Montaño 0-0: Ball
1-0: Ground out 6-3 (Groundball, 6S)
Bottom of the 5th over - 0 runs, 0 hits, 0 errors, 0 left on base; Phoenix Hotspur 0 - Marquette 1
TOP OF THE 6TH
Phoenix Hotspur Youth batting - Pitching for Marquette Miners : LHP Devin Gaines
Batting: LHB Phil Mazzeo 0-0: Ball
1-0: Ball
2-0: Called Strike
2-1: SINGLE (Line Drive, 9S)
Batting: RHB Bill Erickson 0-0: Bunt missed!
0-1: Sac Bunt - play at first, batter OUT! 1-4
Phil Mazzeo to second
Batting: RHB Bernardo Rivera 0-0: Ball
1-0: Ground out U3 (Groundball, 34)
Phil Mazzeo to third
Batting: RHB Braylen Sampson 0-0: Fly out, F6 (Popup, P)
Top of the 6th over - 0 runs, 1 hit, 0 errors, 1 left on base; Phoenix Hotspur 0 - Marquette 1
BOTTOM OF THE 6TH
Marquette Miners batting - Pitching for Phoenix Hotspur Youth : LHP Cameron Roberts
Batting: RHB Sameen Shaw 0-0: Foul Ball, location: 2F
0-1: Ball
1-1: Called Strike
1-2: Foul Ball, location: 2F
1-2: Fly out, F4 (Line Drive, 4)
Batting: RHB Asko Riikonen 0-0: Called Strike
0-1: Called Strike
0-2: Ball
1-2: Ball
2-2: Ball
3-2: Foul Ball, location: 2F
3-2: Foul Ball, location: 2F
3-2: Base on Balls
Batting: RHB Brock Dean 0-0: Foul Ball, location: 2F
0-1: Ball
1-1: Fly out, F6 (Line Drive, 6)
Batting: RHB Franklin Kelley 0-0: Called Strike
0-1: Foul Ball, location: 2F
0-2: Foul Ball, location: 2F
0-2: Ball
1-2: Ball
2-2: Fly out, F7 (Flyball, 7S)
Bottom of the 6th over - 0 runs, 0 hits, 0 errors, 1 left on base; Phoenix Hotspur 0 - Marquette 1
TOP OF THE 7TH
Phoenix Hotspur Youth batting - Pitching for Marquette Miners : LHP Devin Gaines
Batting: RHB Bill Poole 0-0: Ball
1-0: Ball
2-0: Foul Ball, location: 2F
2-1: Fly out, F8 (Flyball, 8LM)
Batting: LHB Damian Alldred 0-0: Ball
1-0: Called Strike
1-1: Foul Ball, location: 2F
1-2: Foul Ball, location: 2F
1-2: Strikes out looking
Batting: LHB Carlos Rodríguez 0-0: Ball
1-0: Called Strike
1-1: Ball
2-1: Foul Ball, location: 2F
2-2: Strikes out swinging
Top of the 7th over - 0 runs, 0 hits, 0 errors, 0 left on base; Phoenix Hotspur 0 - Marquette 1
BOTTOM OF THE 7TH
Marquette Miners batting - Pitching for Phoenix Hotspur Youth : LHP Cameron Roberts
Batting: RHB Eli Cline 0-0: Ground out 1-3 (Groundball, 15S)
Batting: RHB Andrew Cantrell 0-0: Called Strike
0-1: Fly out, F9 (Flyball, 9LM)
Batting: RHB Mark Keys 0-0: Ball
1-0: Ground out 6-3 (Groundball, 56)
Bottom of the 7th over - 0 runs, 0 hits, 0 errors, 0 left on base; Phoenix Hotspur 0 - Marquette 1
TOP OF THE 8TH
Phoenix Hotspur Youth batting - Pitching for Marquette Miners : LHP Devin Gaines
Batting: LHB Malibok Herreria 0-0: Ball
1-0: Foul Ball, location: 2F
1-1: Ball
2-1: Fly out, F1 (Line Drive, 13)
Batting: LHB Joseph Antoine 0-0: Ball
1-0: Ball
2-0: SINGLE (Groundball, 3D)
Pinch Hitting: RHB George Robinson 0-0: Ball
1-0: Ball
2-0: SINGLE (Flyball, 9LS)
Joseph Antoine to second
Runner from 2nd tries for 3rd, SAFE, no throw
Pitching: LHP Seymour Hummel
Batting: RHB Bill Erickson 0-0: Ball
1-0: Swinging Strike
1-1: Called Strike
1-2: Strikes out swinging
Batting: RHB Bernardo Rivera 0-0: Ball
1-0: Swinging Strike
1-1: Swinging Strike
1-2: Ball
2-2: Strikes out looking
Top of the 8th over - 0 runs, 2 hits, 0 errors, 2 left on base; Phoenix Hotspur 0 - Marquette 1
BOTTOM OF THE 8TH
Marquette Miners batting - Pitching for Phoenix Hotspur Youth : LHP Cameron Roberts
Now in LF: Juan Negrete
Batting: RHB Ryan French 0-0: Ball
1-0: Foul Ball, location: 2F
1-1: Foul Ball, location: 2F
1-2: Ball
2-2: Foul Ball, location: 2F
2-2: Strikes out looking
Batting: RHB Miguel Angel Montaño 0-0: Ball
1-0: Fly out, F7 (Flyball, 7S)
Batting: RHB Sameen Shaw 0-0: Ball
1-0: Ball
2-0: Called Strike
2-1: Fly out, F4 (Line Drive, 4)
Bottom of the 8th over - 0 runs, 0 hits, 0 errors, 0 left on base; Phoenix Hotspur 0 - Marquette 1
TOP OF THE 9TH
Phoenix Hotspur Youth batting - Pitching for Marquette Miners : RHP Jude Cordingley
Pitching: RHP Jude Cordingley
Batting: RHB Braylen Sampson 0-0: Called Strike
0-1: Ball
1-1: Ball
2-1: Ball
3-1: Foul Ball, location: 2F
3-2: SINGLE (Groundball, 56D)
Pitching: RHP Félix Santiago
Pinch Runner at 1st Roldan Martir:
Batting: RHB Bill Poole 0-0: Called Strike
0-1: Fly out, F9 (Flyball, 9D)
Runner from 1st tags up, SAFE at 2nd
Pinch Hitting: LHB Valerius Buser 0-0: Called Strike
0-1: Swinging Strike
0-2: Ground out U3 (Groundball, 34S)
Roldan Martir to third
Batting: LHB Carlos Rodríguez 0-0: Ball
1-0: Ball
2-0: Ball
3-0: Base on Balls
Batting: LHB Malibok Herreria 0-0: Ball
1-0: Ball
2-0: Swinging Strike
2-1: Foul Ball, location: 2F
2-2: Ball
3-2: Strikes out looking
Top of the 9th over - 0 runs, 1 hit, 0 errors, 2 left on base; Phoenix Hotspur 0 - Marquette 1
Saturday, December 22nd, 2018 - OOTP Baseball 18.8 Build 76